[ AOE2 MATCH · #507037962 ]
UnrankedLithuanians vs Georgians
Rival team · LOSS
[ REPLAY ANALYSIS · EXTRACTED FROM THE RECORDED GAME ]
Feudal
11:48
Castle
22:20
Imperial
—
| APM avg | 61.3 |
| APM peak | 117 |
| eAPM avg | 34.4 |
| Villagers / military | 144 / 117 |
Focus
⚔️ 52.3% · 🌾 47.7%
Skirmisher ×79 · Monk ×11 · Archer ×8 · Spearman ×8 · Knight ×3 · Leitis ×3
Feudal
8:50
Castle
23:18
Imperial
—
| APM avg | 51.9 |
| APM peak | 76 |
| eAPM avg | 19.4 |
| Villagers / military | 70 / 110 |
Focus
⚔️ 43.6% · 🌾 56.4%
Skirmisher ×68 · Archer ×22 · Scout Cavalry ×10 · Knight ×4 · Mangonel ×4 · Cavalry Archer ×2
Match map
Initial resources + every placement click. Lines = walls · curves = elevation contours. ◆ gold · ⬟ stone · ● berries · ✦ relic · ◌ wall gap
Your base· Open — unwalled flank
PAI's base· Open — 4t gap
Smoothed initial terrain · ◌ = detected wall gap · hover for details
Inputs per minute
— Ronnie Hotdogs - - PAI
Build order — Ronnie Hotdogs
First 150 of 392 actions detected
| 0:00 | Queue | Villager (Male) |
| 0:03 | Build | House |
| 0:05 | Build | House |
| 0:09 | Queue | Villager (Male) |
| 0:10 | Queue | Villager (Male) |
| 0:10 | Queue | Villager (Male) |
| 0:10 | Queue | Villager (Male) |
| 0:12 | Queue | Villager (Male) |
| 0:12 | Queue | Villager (Male) |
| 1:02 | Build | Lumber Camp |
| 1:43 | Queue | Villager (Male) |
| 2:07 | Queue | Villager (Male) |
| 2:41 | Queue | Villager (Male) |
| 3:02 | Build | House |
| 3:11 | Queue | Villager (Male) |
| 3:46 | Build | Barracks |
| 3:51 | Queue | Villager (Male) |
| 4:18 | Queue | Villager (Male) |
| 4:24 | Build | House |
| 4:31 | Queue | Villager (Male) |
| 4:41 | Queue | Militia |
| 4:54 | Queue | Militia |
| 4:56 | Queue | Villager (Male) |
| 5:19 | Queue | Villager (Male) |
| 5:40 | Queue | Villager (Male) |
| 5:56 | Build | House |
| 6:10 | Queue | Villager (Male) |
| 6:10 | Queue | Villager (Male) |
| 6:27 | Queue | Militia |
| 6:37 | Queue | Villager (Male) |
| 6:41 | Build | Mill |
| 7:00 | Queue | Villager (Male) |
| 7:17 | Queue | Villager (Male) |
| 7:19 | Build | Outpost |
| 7:46 | Queue | Villager (Male) |
| 7:48 | Build | Farm |
| 7:50 | Build | Farm |
| 7:52 | Build | Farm |
| 7:58 | Queue | Villager (Male) |
| 8:05 | Build | House |
| 8:06 | Build | House |
| 8:22 | Research | Loom |
| 9:29 | Build | Mining Camp |
| 9:38 | Research | Feudal Age |
| 9:42 | Build | Palisade Wall |
| 9:50 | Build | Palisade Wall |
| 11:11 | Queue | Villager (Male) |
| 11:48 | Age | Feudal Age |
| 11:54 | Build | Archery Range |
| 11:55 | Queue | Spearman |
| 11:57 | Research | Double-Bit Axe |
| 11:59 | Research | Horse Collar |
| 12:03 | Queue | Villager (Male) |
| 12:13 | Queue | Villager (Male) |
| 12:26 | Queue | Spearman |
| 12:27 | Queue | Villager (Male) |
| 12:31 | Queue | Villager (Male) |
| 12:39 | Queue | Archer |
| 12:48 | Queue | Spearman |
| 12:51 | Queue | Villager (Male) |
| 13:01 | Queue | Spearman |
| 13:13 | Queue | Villager (Male) |
| 13:14 | Research | Man-at-Arms (upgrade) |
| 13:16 | Queue | Archer |
| 13:17 | Queue | Villager (Male) |
| 13:23 | Queue | Villager (Male) |
| 13:29 | Build | Farm |
| 13:33 | Queue | Villager (Male) |
| 13:59 | Queue | Villager (Male) |
| 14:01 | Build | Farm |
| 14:03 | Build | Farm |
| 14:04 | Build | Farm |
| 14:06 | Queue | Archer |
| 14:15 | Build | House |
| 14:21 | Build | House |
| 14:43 | Queue | Archer |
| 14:46 | Queue | Villager (Male) |
| 15:17 | Build | Blacksmith |
| 15:17 | Queue | Archer |
| 15:33 | Queue | Villager (Male) |
| 15:37 | Queue | Spearman |
| 15:48 | Build | House |
| 15:55 | Queue | Villager (Male) |
| 15:56 | Queue | Archer |
| 16:02 | Queue | Villager (Male) |
| 16:05 | Queue | Spearman |
| 16:27 | Queue | Villager (Male) |
| 16:34 | Research | Forging |
| 16:43 | Research | Fletching |
| 16:45 | Build | House |
| 16:46 | Build | House |
| 16:47 | Build | House |
| 16:50 | Build | Farm |
| 16:51 | Queue | Villager (Male) |
| 17:09 | Queue | Villager (Male) |
| 17:11 | Build | Farm |
| 17:11 | Build | Farm |
| 17:12 | Build | Farm |
| 17:13 | Build | Farm |
| 17:15 | Queue | Villager (Male) |
| 17:18 | Queue | Villager (Male) |
| 17:25 | Queue | Archer |
| 17:27 | Queue | Villager (Male) |
| 17:36 | Build | Farm |
| 17:50 | Research | Padded Archer Armor |
| 17:53 | Queue | Villager (Male) |
| 18:00 | Queue | Villager (Male) |
| 18:05 | Queue | Archer |
| 18:13 | Build | Market |
| 18:28 | Build | Farm |
| 18:30 | Build | Farm |
| 18:31 | Build | Farm |
| 18:32 | Queue | Villager (Male) |
| 18:42 | Queue | Spearman |
| 18:46 | Queue | Skirmisher |
| 19:08 | Queue | Skirmisher |
| 19:38 | Build | Farm |
| 19:38 | Build | Farm |
| 19:40 | Research | Castle Age |
| 19:53 | Queue | Skirmisher |
| 20:14 | Research | Gold Mining |
| 20:20 | Queue | Skirmisher |
| 20:44 | Queue | Skirmisher |
| 20:55 | Build | Farm |
| 21:05 | Queue | Skirmisher |
| 21:20 | Queue | Spearman |
| 21:23 | Queue | Skirmisher |
| 21:37 | Queue | Skirmisher |
| 22:04 | Queue | Villager (Male) |
| 22:20 | Age | Castle Age |
| 22:22 | Research | Bodkin Arrow |
| 22:26 | Research | Elite Skirmisher (upgrade) |
| 22:29 | Queue | Villager (Male) |
| 22:37 | Build | Town Center |
| 22:43 | Queue | Villager (Male) |
| 22:51 | Build | Town Center |
| 22:56 | Queue | Villager (Male) |
| 23:11 | Research | Bow Saw |
| 23:26 | Queue | Villager (Male) |
| 23:38 | Queue | Villager (Male) |
| 23:43 | Research | Heavy Plow |
| 23:54 | Queue | Skirmisher |
| 23:58 | Queue | Villager (Male) |
| 24:16 | Queue | Skirmisher |
| 24:17 | Queue | Villager (Male) |
| 24:17 | Queue | Villager (Male) |
| 24:18 | Queue | Villager (Male) |
| 24:18 | Queue | Villager (Male) |
| 24:28 | Queue | Villager (Male) |
| 24:31 | Build | Monastery |
Build order — PAI
First 150 of 271 actions detected
| 0:00 | Queue | Villager (Male) |
| 0:01 | Queue | Villager (Male) |
| 0:02 | Build | House |
| 0:03 | Build | House |
| 0:15 | Queue | Villager (Male) |
| 0:24 | Queue | Villager (Male) |
| 1:23 | Queue | Villager (Male) |
| 1:56 | Queue | Villager (Male) |
| 2:08 | Queue | Villager (Male) |
| 2:29 | Queue | Villager (Male) |
| 3:06 | Queue | Villager (Male) |
| 3:06 | Queue | Villager (Male) |
| 3:26 | Build | House |
| 3:54 | Queue | Villager (Male) |
| 3:58 | Queue | Villager (Male) |
| 3:59 | Queue | Villager (Male) |
| 4:13 | Build | Mill |
| 4:30 | Queue | Villager (Male) |
| 4:57 | Queue | Villager (Male) |
| 4:59 | Research | Loom |
| 6:21 | Build | Barracks |
| 6:25 | Research | Feudal Age |
| 6:32 | Build | House |
| 6:38 | Build | House |
| 8:04 | Build | Palisade Wall |
| 8:08 | Build | Palisade Wall |
| 8:10 | Build | Palisade Wall |
| 8:17 | Build | House |
| 8:28 | Build | Palisade Wall |
| 8:29 | Build | Palisade Wall |
| 8:33 | Build | Palisade Wall |
| 8:35 | Build | Palisade Wall |
| 8:36 | Build | House |
| 8:39 | Build | House |
| 8:50 | Age | Feudal Age |
| 8:58 | Build | Palisade Wall |
| 8:59 | Build | Palisade Wall |
| 9:04 | Build | House |
| 9:06 | Build | Palisade Wall |
| 9:14 | Build | House |
| 9:15 | Build | Stable |
| 9:15 | Queue | Villager (Male) |
| 9:19 | Research | Double-Bit Axe |
| 9:29 | Queue | Villager (Male) |
| 9:45 | Queue | Villager (Male) |
| 9:56 | Build | House |
| 10:03 | Queue | Scout Cavalry |
| 10:03 | Queue | Scout Cavalry |
| 10:11 | Queue | Villager (Male) |
| 10:39 | Queue | Villager (Male) |
| 10:42 | Research | Horse Collar |
| 10:58 | Queue | Scout Cavalry |
| 11:08 | Queue | Villager (Male) |
| 11:09 | Build | Farm |
| 11:12 | Build | Farm |
| 11:19 | Build | Palisade Wall |
| 11:31 | Queue | Scout Cavalry |
| 11:32 | Queue | Villager (Male) |
| 11:46 | Queue | Scout Cavalry |
| 11:49 | Build | Farm |
| 11:51 | Build | Farm |
| 11:52 | Build | Farm |
| 12:00 | Queue | Scout Cavalry |
| 12:19 | Queue | Villager (Male) |
| 12:45 | Build | Farm |
| 13:05 | Queue | Villager (Male) |
| 13:14 | Queue | Scout Cavalry |
| 13:18 | Build | Archery Range |
| 13:24 | Queue | Villager (Male) |
| 13:29 | Build | House |
| 13:32 | Build | Palisade Wall |
| 13:58 | Queue | Villager (Male) |
| 13:59 | Queue | Scout Cavalry |
| 14:03 | Build | Mule Cart |
| 14:13 | Queue | Villager (Male) |
| 14:27 | Queue | Scout Cavalry |
| 14:32 | Build | Farm |
| 14:32 | Build | Farm |
| 14:33 | Build | Farm |
| 14:52 | Queue | Villager (Male) |
| 14:59 | Queue | Skirmisher |
| 15:12 | Build | Blacksmith |
| 15:26 | Queue | Villager (Male) |
| 15:33 | Queue | Skirmisher |
| 15:40 | Build | House |
| 15:41 | Build | House |
| 15:42 | Build | House |
| 15:46 | Queue | Skirmisher |
| 15:49 | Build | Farm |
| 16:00 | Queue | Villager (Male) |
| 16:03 | Queue | Skirmisher |
| 16:24 | Queue | Villager (Male) |
| 16:29 | Queue | Skirmisher |
| 16:38 | Queue | Archer |
| 16:44 | Build | Farm |
| 16:46 | Build | Farm |
| 17:09 | Queue | Skirmisher |
| 17:11 | Research | Fletching |
| 17:16 | Queue | Villager (Male) |
| 17:19 | Build | Farm |
| 17:31 | Queue | Archer |
| 17:45 | Build | House |
| 18:01 | Queue | Archer |
| 18:09 | Queue | Skirmisher |
| 18:14 | Build | Market |
| 18:19 | Build | House |
| 18:24 | Queue | Skirmisher |
| 18:42 | Queue | Archer |
| 18:52 | Queue | Scout Cavalry |
| 18:56 | Queue | Archer |
| 19:07 | Queue | Archer |
| 19:25 | Queue | Archer |
| 19:29 | Queue | Villager (Male) |
| 19:32 | Build | Farm |
| 19:48 | Queue | Archer |
| 19:48 | Queue | Villager (Male) |
| 19:51 | Build | House |
| 19:52 | Build | House |
| 20:17 | Build | Archery Range |
| 20:29 | Queue | Archer |
| 20:38 | Research | Castle Age |
| 21:00 | Research | Gold Mining |
| 21:02 | Queue | Archer |
| 21:12 | Queue | Archer |
| 21:25 | Queue | Archer |
| 21:27 | Queue | Archer |
| 21:27 | Queue | Archer |
| 21:29 | Build | Archery Range |
| 21:50 | Queue | Archer |
| 21:50 | Queue | Archer |
| 21:55 | Research | Padded Archer Armor |
| 22:27 | Queue | Skirmisher |
| 22:27 | Queue | Skirmisher |
| 22:39 | Build | House |
| 22:40 | Build | House |
| 22:43 | Queue | Archer |
| 22:43 | Queue | Archer |
| 23:08 | Queue | Skirmisher |
| 23:09 | Queue | Skirmisher |
| 23:18 | Age | Castle Age |
| 23:19 | Research | Bodkin Arrow |
| 23:20 | Research | Elite Skirmisher (upgrade) |
| 23:26 | Queue | Knight |
| 23:36 | Queue | Skirmisher |
| 23:36 | Queue | Skirmisher |
| 24:16 | Queue | Villager (Male) |
| 24:19 | Queue | Knight |
| 24:21 | Queue | Villager (Male) |
| 24:22 | Build | Farm |
| 24:23 | Queue | Villager (Male) |
Match timeline
| 3:46 | Ronnie Hotdogs · first_building Barracks |
| 6:21 | PAI · first_building Barracks |
| 8:04 | PAI · wall_segment Palisade Wall x1 |
| 8:08 | PAI · wall_segment Palisade Wall x1 |
| 8:10 | PAI · wall_segment Palisade Wall x1 |
| 8:28 | PAI · wall_segment Palisade Wall x1 |
| 8:29 | PAI · wall_segment Palisade Wall x1 |
| 8:33 | PAI · wall_segment Palisade Wall x1 |
| 8:35 | PAI · wall_segment Palisade Wall x1 |
| 8:50 | PAI · age_up feudal |
| 8:58 | PAI · wall_segment Palisade Wall x1 |
| 8:59 | PAI · wall_segment Palisade Wall x1 |
| 9:06 | PAI · wall_segment Palisade Wall x1 |
| 9:15 | PAI · first_building Stable |
| 9:42 | Ronnie Hotdogs · wall_segment Palisade Wall x5 |
| 9:50 | Ronnie Hotdogs · wall_segment Palisade Wall x16 |
| 11:19 | PAI · wall_segment Palisade Wall x1 |
| 11:48 | Ronnie Hotdogs · age_up feudal |
| 11:54 | Ronnie Hotdogs · first_building Archery Range |
| 13:18 | PAI · first_building Archery Range |
| 13:32 | PAI · wall_segment Palisade Wall x6 |
| 19:29 | Ronnie Hotdogs · first_market_sell 100 stone |
| 19:32 | Ronnie Hotdogs · first_market_buy 100 food |
| 22:20 | Ronnie Hotdogs · age_up castle |
| 23:18 | PAI · age_up castle |
| 24:18 | PAI · first_market_sell 100 food |
| 24:31 | Ronnie Hotdogs · first_building Monastery |
| 27:41 | Ronnie Hotdogs · wall_segment Palisade Wall x1 |
| 27:42 | Ronnie Hotdogs · wall_segment Palisade Wall x1 |
| 27:43 | Ronnie Hotdogs · wall_segment Palisade Wall x1 |
| 27:44 | Ronnie Hotdogs · wall_segment Palisade Wall x1 |
| 29:36 | PAI · first_building Siege Workshop |
| 31:57 | Ronnie Hotdogs · first_building Siege Workshop |
| 32:58 | Ronnie Hotdogs · first_building Stable |
| 33:21 | Ronnie Hotdogs · first_building Castle |
| 37:01 | PAI · resign |
[ AI ANALYSIS · 1 CREDIT ]
What really happened in this match?
Wolo.gg analyzes every decision: build order, eco, micro, common mistakes by bracket. Personalized analysis on WhatsApp or Discord in 30 seconds.
Civ guide
Lithuanians
Perfil
Jugador #5405126